 Dungeon Crawl Stone Soup version 0.18-a0-1800-gdc7a371 (webtiles) character file.

1 esc the Sneak (level 1, -2/15 HPs)
             Began as a Naga Enchanter on Apr 24, 2016.
             Slain by a jackal (3 damage)
             ... on level 1 of the Dungeon.
             The game lasted 00:01:21 (73 turns).

esc the Sneak (Naga Enchanter)                        Turns: 73, Time: 00:01:22

Health: -2/15      AC:  2    Str: 10    XL:     1   Next: 20%
Magic:  3/3        EV: 10    Int: 15    God:
Gold:   0          SH:  0    Dex: 11    Spells: 1 memorised, 3 levels left

rFire  . . .     SeeInvis +     a - +1 dagger
rCold  . . .     Gourm    .     b - +1 robe
rNeg   . . .     Faith    .     (no shield)
rPois  +         Spirit   .     (no helmet)
rElec  .         Dismiss  .     (no cloak)
rCorr  .         Reflect  .     (no gloves)
SustAt .         Harm     .     (no barding)
MR     .....                    (no amulet)
Stlth  +++.......               (no ring)
                                (no ring)

@: very slow, not resistant to hostile enchantments, fairly stealthy
A: see invisible, deformed body, poison resistance, slowness 2, slow metabolism
1, spit poison 2, AC +0
a: Spit Poison


You were on level 1 of the Dungeon.
You were not hungry.

You visited 1 branch of the dungeon, and saw 1 of its levels.

Inventory:

Hand Weapons
 a - a +1 dagger (weapon)
Armour
 b - a +1 robe (worn)
Books
 c - a book of Maledictions
Comestibles
 d - a bread ration {@e1}


   Skills:
 + Level 1.1 Short Blades
 + Level 1.6 Dodging
 + Level 4.4 Stealth
 + Level 2.0 Spellcasting
 + Level 3.0 Hexes


You had 3 spell levels left.
You knew the following spells:

 Your Spells              Type           Power        Failure   Level  Hunger
v - Corona                Hex            ##.....      8%          1    #......


Dungeon Overview and Level Annotations

Branches:
Dungeon (1/15)

Altars:


Innate Abilities, Weirdness & Mutations

You cannot wear boots.
Your serpentine skin is tough (AC +0).
You have supernaturally acute eyesight.
Armour fits poorly on your strangely shaped body.
Your system is resistant to poisons.
You cover ground very slowly.
You have a slow metabolism.
You can spit poison.


Message History

Welcome, esc the Naga Enchanter.
Will you prevail where others failed? Will you find the Orb of Zot?
Found a staircase leading out of the dungeon.
e - a yellow potion
Okay, then.
Okay, then.
Unknown command.
Okay, then.
A jackal comes into view.
A jackal comes into view.
The jackal barely misses you.
You hit the jackal. The jackal bites you.
You take 2 damage, and have 13/15 hp.
You barely miss the jackal. The jackal closely misses you.
The jackal closely misses you. The jackal barely misses you.
The jackal bites you but does no damage.
The jackal closely misses you. The jackal bites you.
The jackal closely misses you. The jackal bites you.
You take 5 damage, and have 8/15 hp.
MASSIVE DAMAGE!!
The jackal barely misses you. The jackal closely misses you.
The jackal bites you but does no damage.
You barely miss the jackal. The jackal barely misses you. The jackal bites you.
You take 3 damage, and have 5/15 hp.
Drink which item? (? for menu, Esc to quit)
It was a potion of ambrosia.
You are confused.
You feel invigorated. The jackal bites you.
The jackal bites you but does no damage. x2
You regained 2 hp, and now have 7/15 hp.
The jackal barely misses you. The jackal closely misses you.
The jackal bites you.
You regained 6 hp, and now have 13/15 hp.
You're too confused to move!
The jackal bites you. The jackal completely misses you.
The jackal bites you but does no damage.
You hit the jackal. The jackal closely misses you. x2
Health restored: 15 You hit the jackal.
The jackal misses you.
The jackal bites you but does no damage.
The jackal misses you.
You're too confused to move!
The jackal bites you but does no damage.
The jackal barely misses you.
The jackal bites you but does no damage.
You closely miss the jackal.
The jackal bites you but does no damage.
The jackal misses you.
You hit the jackal.
You kill the jackal!
The jackal closely misses you.
The jackal bites you but does no damage.
You feel less invigorated.
You feel less confused.
You hit the jackal. The jackal misses you. The jackal bites you.
You take 3 damage, and have 12/15 hp.
You completely miss the jackal. The jackal bites you.
You take 3 damage, and have 9/15 hp.
You hit the jackal but do no damage. The jackal bites you.
You take 1 damage, and have 8/15 hp.
You barely miss the jackal. The jackal completely misses you.
The jackal bites you but does no damage.
You hit the jackal but do no damage. The jackal barely misses you.
You hit the jackal. The jackal bites you.
You take 2 damage, and have 6/15 hp.
You barely miss the jackal.
The jackal bites you but does no damage.
The jackal bites you.
* * * LOW HITPOINT WARNING * * *
You take 2 damage, and have 4/15 hp.
You closely miss the jackal. The jackal closely misses you.
You hit the jackal. The jackal bites you.
* * * LOW HITPOINT WARNING * * *
You take 3 damage, and have 1/15 hp.
Read which item? (? for menu, Esc to quit)
Okay, then.
You aren't carrying any potions.
You closely miss the jackal. The jackal bites you.
You die...

#...........
#...........
#...........
#.....?.....
#...........
........
#...#######.
+@h.....(...
##..........
#...........
#..#........
##..#########
#...####
##.....#
##....#.#
#.....#.#


You could see a jackal.

Vanquished Creatures
  A jackal (D:1)
1 creature vanquished.

Notes
Turn   | Place    | Note
--------------------------------------------------------------
     0 | D:1      | esc the Naga Enchanter began the quest for the Orb.
     0 | D:1      | Reached XP level 1. HP: 15/15 MP: 3/3
    72 | D:1      | HP: 1/15 [jackal (3)]
    73 | D:1      | Slain by a jackal

Vault maps used:
D:1:      dpeg_arrival_long_road

Action                   || total
-------------------------++-------
Melee: Dagger            ||    17
  Use: Potion            ||     1
Armor: Robe              ||    12
Dodge: Dodged            ||    23

Vault maps used:
D:1:      dpeg_arrival_long_road

Table legend:
 A = Turns spent in this place as a percentage of turns spent in the entire game.
 B = Non-inter-level travel turns spent in this place as a percentage of non-inter-level travel turns spent in the entire game.
 C = Inter-level travel turns spent in this place as a percentage of turns spent in this place.
 D = Turns resting spent in this place as a percentage of non-inter-level travel turns spent in this place.
 E = Turns spent auto-exploring this place as a percentage of non-inter-level travel turns spent in this place.
 F = Non-inter-level travel turns spent in this place divided by the number of levels of this place that you've seen.
                   A       B       C       D       E      F
               +-------+-------+-------+-------+-------+----------------------
         Total | 100.0 | 100.0 |   0.0 |   0.0 |   5.7 |  35.0
       Dungeon | 100.0 | 100.0 |   0.0 |   0.0 |   5.7 |  35.0
               +-------+-------+-------+-------+-------+----------------------

Table legend:
 A = Kills in this place as a percentage of kills in entire the game.
 B = Kills by you in this place as a percentage of kills by you in the entire game.
 C = Kills by friends in this place as a percentage of kills by friends in the entire game.
 D = Other kills in this place as a percentage of other kills in the entire game.
 E = Experience gained in this place as a percentage of experience gained in the entire game.
 F = Experience gained in this place divided by the number of levels of this place that you have seen.
                   A       B       C       D       E      F
               +-------+-------+-------+-------+-------+----------------------
         Total | 100.0 | 100.0 |  -nan |  -nan | 100.0 |   2.0
       Dungeon | 100.0 | 100.0 |  -nan |  -nan | 100.0 |   2.0
               +-------+-------+-------+-------+-------+----------------------
